 Dungeon Crawl Stone Soup version 0.19-a0-1654-g9d3f708 (webtiles) character file.

2389 Alarkh the Carver (level 9, -2/62 HPs)
             Began as a Human Skald on Sept 20, 2016.
             Was a Priest of Okawaru.
             Shot with a sling bullet by Joseph (19 damage)
             ... on level 8 of the Dungeon.
             The game lasted 00:11:14 (5176 turns).

Alarkh the Carver (Human Skald)                     Turns: 5176, Time: 00:11:15

Health: -2/62      AC:  7    Str: 12    XL:     9   Next: 74%
Magic:  3/16       EV: 12    Int: 16    God:    Okawaru [***...]
Gold:   203        SH:  0    Dex: 13    Spells: 4 memorised, 9 levels left

rFire  + . .     SeeInvis .     a - +3 long sword
rCold  . . .     Gourm    .     v - +1 robe {rF+}
rNeg   . . .     Faith    .     (no shield)
rPois  +         Spirit   .     g - +0 helmet
rElec  .         Dismiss  .     (no cloak)
rCorr  .         Reflect  .     (no gloves)
MR     .....     Harm     .     m - +2 pair of boots
Stlth  +.........               (no amulet)
                                (no ring)
                                B - ring of poison resistance

@: infused
A: no striking features
a: Heroism, Renounce Religion


You were on level 8 of the Dungeon.
You worshipped Okawaru.
Okawaru was most pleased with you.
You were very hungry.

You visited 2 branches of the dungeon, and saw 8 of its levels.
You also visited: Sewer.

You collected 397 gold pieces.
You spent 194 gold pieces at shops.

Inventory:

Hand Weapons
 a - a +3 long sword (weapon)
 h - a +0 falchion
Armour
 b - a +0 leather armour
 g - a +0 helmet (worn)
 m - a +2 pair of boots (worn)
 p - a +0 shield
 v - a +1 robe of fire resistance (worn)
Jewellery
 B - a ring of poison resistance (left hand)
Wands
 y - a wand of lightning (9/15)
Scrolls
 e - a scroll of identify
 i - a scroll of noise
 j - a scroll of amnesia {unknown}
 k - 4 scrolls of remove curse
 n - a scroll of teleportation
 r - 2 scrolls of fog {unknown}
 t - 2 scrolls of fear {unknown}
 u - 2 scrolls of blinking {unknown}
 D - a scroll of magic mapping {unknown}
Potions
 q - a potion of magic {unknown}
 s - 4 potions of curing
 w - a potion of brilliance {unknown}
 A - a potion of mutation {unknown}
Books
 c - a book of Battle

   Spells                             Type                      Level
   a - Infusion                       Charms                       1
   b - Shroud of Golubria             Charms/Translocation         2
   c - Song of Slaying                Charms                       2
   d - Spectral Weapon                Hexes/Charms                 3
   e - Regeneration                   Charms/Necromancy            3
 x - a book of Annihilations

   Spells                             Type                      Level
   a - Poison Arrow                   Conjuration/Poison           6
   b - Chain Lightning                Conjuration/Air              8
   c - Lehudib's Crystal Spear        Conjuration/Earth            8
   d - Glaciate                       Conjuration/Ice              9
   e - Fire Storm                     Conjuration/Fire             9
 E - a book of Transfigurations

   Spells                             Type                      Level
   a - Irradiate                      Conjuration/Transmutation    5
   b - Statue Form                    Transmutation/Earth          6
   c - Hydra Form                     Transmutation                6
   d - Dragon Form                    Transmutation                7
Comestibles
 d - 5 bread rations
 f - a slice of pizza
 o - 3 meat rations
 C - 5 fruits


   Skills:
 + Level 2.9 Fighting
 * Level 9.0 Long Blades
 + Level 1.8 Armour
 + Level 2.0 Dodging
 + Level 2.0 Shields
 - Level 5.2 Spellcasting
 - Level 6.3 Charms


You had 9 spell levels left.
You knew the following spells:

 Your Spells              Type           Power        Failure   Level  Hunger
a - Spectral Weapon       Hex/Chrm       ##......     14%         3    ###....
b - Shroud of Golubria    Chrm/Tloc      ##........   10%         2    #......
c - Infusion              Chrm           ###.         1%          1    None
e - Regeneration          Chrm/Necr      ##........   14%         3    ###....


Dungeon Overview and Level Annotations

Branches:
Dungeon (6/15)             Temple (1/1) D:5

Altars:
Ashenzari
Cheibriados
Dithmenos
Elyvilon
Gozag
Hepliaklqana
Kikubaaqudgha
Makhleb
Nemelex Xobeh
Okawaru
Qazlal
Ru
Sif Muna
Trog
Uskayaw
Xom
Yredelemnul
Zin
The Shining One

Shops:
D:5 ?

Portals:
Ossuary: D:8

Annotations:
D:8 Joseph


Message History

You see here a sling bullet.
Found 6 gold pieces.
You see here a sling bullet.
You see here a sling bullet.
Your magical contamination has completely faded away.
You see here a sling bullet.
Casting: Infusion
Confirm with . or Enter, or press ? or * to list all spells.
Your skin crawls.
Your skin is crawling a little less now.
You see here a sling bullet.
You hear the slow hiss of an avalanche of sand.
Joseph shoots a sling bullet.
The sling bullet hits you!
* * * LOW HITPOINT WARNING * * *
You see here a sling bullet.
Found a sand-covered staircase.
Your skin stops crawling.
You see here a sling bullet.
Joseph shoots a sling bullet.
The sling bullet hits you!!
You die...

########.# #.##
.$.......###..#
.######.....(..#
........#####(.#
#######.#...#@†#
#.#.∩.#..#
#.#...#(.#
#(##'##@.#
#.@(.....#
##$...(.!#
#########


You could see Joseph.

Vanquished Creatures
  2 centaur skeletons (D:6)
  Duvessa (D:4)
  An orc warrior (D:6)
  Purgy (Sewer)
  An eye of draining (D:8)
  2 ogres
  2 centaurs (D:5)
  Blork the orc (D:4)
  Dowan (D:4)
  A scorpion (D:8)
  A vampire bat (D:2)
  A howler monkey (D:4)
  4 crimson imps
  A bullfrog zombie (D:5)
  A jelly (D:5)
  3 hounds
  4 orc wizards
  A gnoll shaman (D:4)
  3 orc priests
  Natasha (thrice) (D:2 D:3)
  2 iguanas
  Ijyb (D:2)
  7 worker ants
  A hound zombie (D:6)
  A hound skeleton (D:4)
  Robin (D:3)
  4 gnolls (D:4)
  10 adders
  A shadow imp (D:6)
  An ooze (D:4)
  2 worms
  A dart slug (D:1)
  6 leopard geckos
  14 orcs
  A bat skeleton (D:2)
  5 bat zombies (D:2)
  4 giant cockroaches
  14 goblins
  13 hobgoblins
  3 jackals
  11 kobolds
  2 quokkas
  A ball python skeleton (D:5)
  5 bats
  3 frilled lizards (D:1)
  13 rats
162 creatures vanquished.

Vanquished Creatures (others)
  6 spectral weapons
6 creatures vanquished.

Grand Total: 168 creatures vanquished

Notes
Turn   | Place    | Note
-------+----------+-------------------------------------------
     0 | D:1      | Alarkh the Human Skald began the quest for the Orb.
     0 | D:1      | Reached XP level 1. HP: 16/16 MP: 3/3
    99 | D:1      | Reached XP level 2. HP: 17/22 MP: 0/5
   666 | D:1      | Reached XP level 3. HP: 17/27 MP: 1/6
   671 | D:1      | Learned a level 3 spell: Regeneration
  1004 | D:2      | Noticed Natasha
  1022 | D:2      | Killed Natasha
  1022 | D:2      | Reached skill level 3 in Long Blades
  1022 | D:2      | Reached XP level 4. HP: 25/33 MP: 0/7
  1027 | D:2      | Learned a level 3 spell: Spectral Weapon
  1124 | D:2      | Found an ancient bone altar of Kikubaaqudgha.
  1136 | D:2      | Reached XP level 5. HP: 33/38 MP: 2/9
  1250 | D:2      | Noticed Natasha
  1260 | D:2      | Killed Natasha
  1260 | D:2      | Reached skill level 4 in Long Blades
  1551 | D:2      | Found a sacrificial altar of Ru.
  1553 | D:2      | Found a sparkling altar of Nemelex Xobeh.
  1559 | D:2      | Found a burning altar of Makhleb.
  1562 | D:2      | Found a basalt altar of Yredelemnul.
  1563 | D:2      | Found a deep blue altar of Sif Muna.
  1565 | D:2      | Found a shadowy altar of Dithmenos.
  1771 | D:2      | Noticed Ijyb
  1788 | D:2      | Killed Ijyb
  1788 | D:2      | Reached XP level 6. HP: 44/44 MP: 0/10
  1792 | D:2      | Learned a level 2 spell: Shroud of Golubria
  1896 | D:2      | Found an iron altar of Okawaru.
  1919 | D:2      | Became a worshipper of Warmaster Okawaru
  2089 | D:3      | Noticed Natasha
  2095 | D:3      | Killed Natasha
  2402 | D:3      | Found a glowing drain.
  2410 | Sewer    | Entered a sewer
  2464 | Sewer    | Noticed Purgy
  2509 | Sewer    | Killed Purgy
  2509 | Sewer    | Reached skill level 5 in Long Blades
  2708 | D:3      | Reached XP level 7. HP: 43/50 MP: 8/12
  3030 | D:4      | Noticed Duvessa
  3032 | D:4      | Noticed Dowan
  3039 | D:4      | Killed Duvessa
  3039 | D:4      | Reached * piety under Okawaru
  3048 | D:4      | Killed Dowan
  3092 | D:4      | Noticed Robin
  3155 | D:4      | Noticed Blork the orc
  3164 | D:4      | Reached skill level 6 in Long Blades
  3174 | D:4      | Killed Blork the orc
  3174 | D:4      | Reached skill level 5 in Charms
  3174 | D:4      | Reached XP level 8. HP: 21/56 MP: 1/14
  3503 | D:3      | Killed Robin
  3842 | D:4      | Reached skill level 7 in Long Blades
  3901 | D:4      | Reached ** piety under Okawaru
  3982 | D:4      | Found a shimmering altar of Xom.
  4144 | D:5      | Entered Level 5 of the Dungeon
  4144 | D:5      | Found a staircase to the Ecumenical Temple.
  4147 | Temple   | Entered the Ecumenical Temple
  4413 | D:5      | Reached skill level 5 in Spellcasting
  4413 | D:5      | Reached XP level 9. HP: 53/61 MP: 14/16
  4427 | D:5      | Found Qoedd's Magic Scroll Shop.
  4438 | D:5      | Bought a scroll of enchant weapon for 97 gold pieces
  4450 | D:5      | Bought a scroll of enchant weapon for 97 gold pieces
  4467 | D:5      | Found a white marble altar of Elyvilon.
  4467 | D:5      | Found a glowing silver altar of Zin.
  4471 | D:5      | Found a glowing golden altar of the Shining One.
  4500 | D:5      | Reached skill level 8 in Long Blades
  4894 | D:6      | Reached *** piety under Okawaru
  4894 | D:6      | Reached skill level 1 in Shields
  5121 | D:6      | You fall through a shaft for 2 floors!
  5130 | D:8      | Reached skill level 9 in Long Blades
  5136 | D:8      | Noticed Joseph
  5173 | D:8      | Found a sand-covered staircase.
  5176 | D:8      | Shot with a sling bullet by Joseph

Vault maps used:
D:1:      minmay_arrival_shattered_statue
D:2:      kennysheep_vampire_church, minitemple, kennysheep_okawaru_gauntlet,
          uniq_iyjb, uniq_natasha
D:3:      first_bread, lightli_sewer_entry_pipes, corexii_hall_statues_l
D:4:      minmay_ruined_shrine, uniq_robin, uniq_blork_the_orc, uniq_duvessa
D:5:      good_gods_temple_1, serial_shops, shop, serial_park_tiny_pond
D:8:      vehumet_altar_wand_db, enter_ossuary_2, hangedman_ranch,
          fedhas_bush_and_centaur_altar, uniq_joseph
Temple:   nicolae_temple_figure_zero
Sewer:    sewer_the_crocodile

Skill      XL: |  1  2  3  4  5  6  7  8  9 |
---------------+----------------------------+-----
Long Blades    | 3 4 5 6 7 9 |  9.0
Spellcasting   | 3 4 5 |  5.2
Charms         | 4 5 6 |  6.3
Shields        | 2 |  2.0
Dodging        | 2 |  2.0
Fighting       | |  2.9
Armour         | |  1.8

Action                   |  1- 3 |  4- 6 |  7- 9 || total
-------------------------+-------+-------+-------++-------
Melee: Falchion          |    88 |   212 |   167 ||   467
       Long sword        |       |       |   157 ||   157
 Cast: Infusion          |    17 |    24 |    15 ||    56
       Spectral Weapon   |       |     2 |    29 ||    31
       Regeneration      |       |       |     5 ||     5
       Shroud of Golubri |       |       |     2 ||     2
Invok: Heroism           |       |       |     1 ||     1
  Use: Potion            |       |     3 |     9 ||    12
       Scroll            |       |       |     6 ||     6
 Stab: Sleeping          |       |       |     1 ||     1
       Distracted        |       |       |     2 ||     2
  Eat: Chunk             |       |     7 |    11 ||    18
Armor: Leather armour    |    23 |    66 |     6 ||    95
       Skin              |       |    82 |       ||    82
       Robe              |       |       |    94 ||    94
Dodge: Dodged            |    54 |   141 |   198 ||   393
